cohdb
Replays
Latest Replays
All Replays
Popular Replays
Top Player Replays
Match Explorer
How It Works
Community
CoH3 Stats
Reddit
Sign in to upload your games and track your stats! →
Sign in with Steam
Match 41531392
Unlisted
Match 41531392
Overview
Messages
Build Orders
End
Scout Squad
Construct Barracks
Selects Airborne Battlegroup
Selects Pathfinders
Riflemen Squad
1⁄4-ton 4x4 Truck
Riflemen Squad
Infantry Support Center
Construct Medical Station
Construct Weapon Support Center
M3 Armored Personnel Carrier
Demolitions Package
Riflemen Squad
Engineer Squad
M1918 Browning Automatic Rifles
Construct Tank Depot
Selects Recon Loiter
Selects Supply Drop
Selects Paratrooper Squad Paradrop
Selects Anti-tank Gun Team Paradrop
M4A1 Sherman Medium Tank
Supply Drop
Anti-tank Gun Team Paradrop
Advanced Logistics
M4A1 Sherman Medium Tank
Selects Carpet Bombing Run
Supply Drop
Carpet Bombing Run
Grenade Package
M18 Hellcat Tank Destroyer
M4A1 Sherman Medium Tank
Rather Splendid Cromwell
coledj0408
S.W.A
KAD
Tonani
Lyon
0
0
Comments
sign in to comment!
No comments posted yet!